 Dungeon Crawl Stone Soup version 0.23-a0-586-gacb4b3f (webtiles) character file.

24993 Inarius the Slicer (level 12, -3/103 HPs)
             Began as a Demonspawn Chaos Knight on Dec 19, 2018.
             Was a Plaything of Xom.
             Slain by a seven-headed hydra (6 damage)
             ... on level 3 of the Lair of Beasts.
             The game lasted 00:46:36 (18502 turns).

Inarius the Slicer (Demonspawn Chaos Knight)       Turns: 18502, Time: 00:46:36

Health: -3/103     AC: 12    Str: 15 (16) XL:     12   Next: 85%
Magic:  0/16       EV: 11    Int: 19 (20) God:    Xom [.....*]
Gold:   284        SH: 15    Dex: 12      Spells: 11/11 levels left

rFire    . . .     SeeInvis +   K - +10 dagger "Futeuf" {pierce, rElec rPois rC-}
rCold    x . .     Gourm    .   i - +0 large shield
rNeg     . . .     Faith    .   t - +2 leather armour "Feosampeg" {rElec Str+2 Dex-2 SInv Stlth+}
rPois    +         Spirit   +   (helmet restricted)
rElec    +         Reflect  +   a - +0 cloak
rCorr    .         Harm     .   (no gloves)
MR       +++..                  y - +1 pair of boots
Stlth    +++++++++.             l - +2 amulet of reflection
HPRegen  0.27/turn              D - ring of stealth
MPRegen  0.30/turn              w - ring of Jyazih {rElec AC+3 Int+6}

@: no status effects
A: horns 1, thin skeletal structure 2, blink, clumsy 2, deterioration 1, magic
resistance 3, nightstalker 2, robust 1, electricity resistance, weak 1, magic
shield, magic regeneration, MP-powered wands
a: Blink, Renounce Religion


You were on level 3 of the Lair of Beasts.
You worshipped Xom.
You were Xom's teddy bear.
You were not hungry.

You visited 2 branches of the dungeon, and saw 18 of its levels.
You also visited: Sewer.

You collected 1221 gold pieces.
You spent 937 gold pieces at shops.

Inventory:

Hand Weapons
 o - a +5 short sword of freezing
 K - the +10 dagger "Futeuf" (weapon) {pierce, rElec rPois rC-}
   (You bought it in a shop on level 4 of the Dungeon)

   It inflicts extra damage upon your enemies.
   It makes you vulnerable to cold.
   It insulates you from electricity.
   It protects you from poison.
Missiles
 A - 17 tomahawks (quivered)
Armour
 a - a +0 cloak (worn)
 i - a +0 large shield (worn)
 t - the +2 leather armour "Feosampeg" (worn) {rElec Str+2 Dex-2 SInv Stlth+}
   (You found it on level 4 of the Dungeon)

   It affects your strength (+2).
   It affects your dexterity (-2).
   It insulates you from electricity.
   It lets you see invisible.
   It makes you more stealthy.
 y - a +1 pair of boots (worn)
 z - the +0 leather armour of the Tick {+Fly rF- rN+++ Regen+}
   (You bought it in a shop on level 4 of the Dungeon)

   It makes you vulnerable to fire.
   It renders you almost immune to negative energy.
   It lets you fly.
   It increases your rate of regeneration.
Jewellery
 l - a +2 amulet of reflection (around neck)
 s - an uncursed ring of ice
 w - the ring of Jyazih (right hand) {rElec AC+3 Int+6}
   (You found it on level 11 of the Dungeon)

   [ring of protection]

   It affects your AC (+3).
   It affects your intelligence (+6).
   It insulates you from electricity.
 D - a ring of stealth (left hand)
 M - an uncursed ring of poison resistance
Wands
 B - a wand of paralysis (6)
 E - a wand of iceblast (14)
 F - a wand of polymorph (20)
 H - a wand of random effects (3)
 O - a wand of acid (8)
 T - a wand of flame (9)
Scrolls
 d - 2 scrolls of teleportation
 e - 7 scrolls of remove curse
 f - 4 scrolls of enchant armour
 h - 5 scrolls of fog
 r - a scroll of blinking
 x - a scroll of fear {unknown}
 G - a scroll of brand weapon
 I - 2 scrolls of vulnerability {unknown}
 J - a scroll of acquirement {unknown}
 L - 2 scrolls of identify
 N - a scroll of noise {unknown}
 P - 2 scrolls of magic mapping
 Q - a scroll of enchant weapon
Potions
 b - 2 potions of invisibility
 g - 2 potions of agility
 j - a potion of cancellation
 k - a potion of heal wounds
 m - 5 potions of lignification
 n - 2 potions of might
 q - 8 potions of curing
 u - 4 potions of haste
 v - 2 potions of berserk rage {unknown}
 C - a potion of magic
Miscellaneous
 p - a fan of gales
 S - a phial of floods
Comestibles
 c - 32 rations
 R - 12 chunks of flesh


   Skills:
 + Level 8.9 Fighting
 * Level 11.5 Short Blades
   Level 3.4 Axes
 - Level 1.7 Throwing
 + Level 5.2 Armour
 + Level 7.3 Dodging
 + Level 9.6 Stealth
 - Level 3.5 Shields
 + Level 6.3 Evocations


You had 11 spell levels left.
You didn't know any spells.
Your spell library contained the following spells:

 Spells                   Type           Power        Failure   Level  Hunger
 Confusing Touch          Hex            #.....       99%         1    ##.....
 Corona                   Hex            #......      99%         1    ##.....
 Freeze                   Ice            #...         99%         1    ##.....
 Magic Dart               Conj           #...         99%         1    ##.....
 Blink                    Tloc           N/A          99%         2    ###....
 Call Imp                 Summ           #.......     99%         2    ###....
 Ensorcelled Hibernation  Hex/Ice        #.....       99%         2    ###....
 Slow                     Hex            #.......     99%         2    ###....
 Throw Frost              Conj/Ice       #.....       99%         2    ###....
 Confuse                  Hex            #.......     100%        3    ####...
 Conjure Flame            Conj/Fire      #.......     100%        3    ####...
 Dazzling Spray           Conj/Hex       #.....       100%        3    ####...
 Gell's Gravitas          Tloc           #.........   100%        3    ####...
 Mephitic Cloud           Conj/Pois/Air  #.......     100%        3    ####...
 Ozocubu's Armour         Chrm/Ice       #.......     100%        3    ####...
 Tukima's Dance           Hex            #.......     100%        3    ####...
 Petrify                  Tmut/Erth      #.......     100%        4    #####..
 Summon Ice Beast         Ice/Summ       #.......     100%        4    #####..
 Throw Icicle             Conj/Ice       #.......     100%        4    #####..
 Metabolic Englaciation   Hex/Ice        #.........   100%        5    ######.
 Yara's Violent Unravell  Hex/Tmut       #.........   100%        5    ######.


Dungeon Overview and Level Annotations

Branches:
Dungeon (15/15)            Temple (0/1) D:7            Lair (3/6) D:11
  Swamp (0/4) Lair:2          Orc (0/2) D:10         Depths (0/5) D:15
  Snake: Lair:2-4    Spider: Lair:2-4    Vaults: D:13-14

Altars:
Cheibriados
Uskayaw
Xom
The Shining One

Shops:
D:4 (=?*(

Portals:
Trove: D:10 (give 14 potions of curing)

Annotations:
D:6 3 runed doors, Lanoc's ghost, novice GnSu


Innate Abilities, Weirdness & Mutations

You have a pair of small horns on your head.
You have a moderately thin skeletal structure. (Dex +4, Stealth+)
You are significantly more attuned to the shadows.
When hurt, damage is shared between your health and your magic reserves.
You regenerate magic rapidly.
You can translocate small distances at will.
You are very clumsy. (Dex -4)
Your body sometimes deteriorates upon taking damage.
You are extremely resistant to the effects of hostile enchantments. (MR+++)
You are robust. (+10% HP)
You are resistant to electric shocks. (rElec)
You are weak. (Str -2)
You expend magic power (3 MP) to strengthen your wands.


Message History

Unknown command.
Unknown command.
Evoke which item? (* to show all) (? for menu, Esc to quit)
Aiming: Corrosive Bolt
Press: ? - help, Shift-Dir - straight line, f/p - seven-headed hydra
Aim: a seven-headed hydra (almost dead)
The bolt of acid hits the seven-headed hydra.
The seven-headed hydra is splashed with acid.
The acid corrodes the seven-headed hydra!
The seven-headed hydra is almost dead.
You block the seven-headed hydra's attack.
The seven-headed hydra barely misses you.
You block the seven-headed hydra's attack.
The seven-headed hydra bites you.
* * * LOW HITPOINT WARNING * * *
The seven-headed hydra bites you but does no damage.
The seven-headed hydra bites you.
* * * LOW HITPOINT WARNING * * *
The seven-headed hydra bites you.
You die...

#...# .. .####..####
##.......#.## ###
.#...........# ####.#
..#..........####.#..#
...........#..#...>...
#......ยง...#...+...>..
#........#####.......
#P..@....# #.......
##.D.....# #.###.###
###..#### ## ### ####


You could see a seven-headed hydra.

Vanquished Creatures
  Fannar (Lair:1)
  A hydra (Lair:2)
  A vault guard (D:10)
  An unseen horror (D:10)
  A wolf spider zombie (D:12)
  A cyclops (D:14)
  Maurice (D:11)
  A manticore (D:12)
  2 black mambas
  A centaur zombie (D:10)
  6 spiny frogs
  6 gargoyles
  2 komodo dragons (Lair:1)
  5 trolls
  3 polar bears (Lair:2)
  6 hippogriffs
  A wyvern (D:10)
  A wraith (D:10)
  18 yaks
  2 hungry ghosts (D:11)
  A vampire mosquito (D:14)
  A warg (D:10)
  An acid dragon (D:11)
  5 swamp worms (Lair:2)
  4 water moccasins
  Purgy (Sewer)
  7 porcupines
  2 ice beasts
  An orc warrior (D:10)
  A phantom (D:6)
  9 black bears
  A hornet zombie (D:8)
  4 wolves (Lair:3)
  4 ogres
  A sky beast (D:10)
  2 centaurs (D:7)
  4 crocodiles (Lair:2)
  11 bullfrogs
  3 scorpions
  3 wights (D:10)
  4 electric eels
  2 howler monkeys
  7 crimson imps
  A bullfrog zombie (D:5)
  5 hounds
  4 orc priests
  3 centaur skeletons
  4 gnoll shamans (D:5)
  4 jellies
  5 orc wizards
  6 iguanas
  8 worker ants
  3 hound skeletons
  2 worker ant zombies
  42 gnolls
  15 adders
  2 shadow imps (D:6)
  An ufetubus (D:11)
  6 oozes
  An adder skeleton (D:4)
  2 adder zombies
  5 worms
  2 dart slugs
  5 leopard geckos
  22 orcs
  11 bats
  8 giant cockroaches
  8 goblins
  8 hobgoblins
  29 jackals
  7 kobolds
  4 quokkas
  A ball python (D:2)
  5 frilled lizards
  A leopard gecko skeleton (D:4)
  A leopard gecko zombie (D:7)
  6 rats
  A fire vortex (Lair:1)
378 creatures vanquished.

Vanquished Creatures (collateral kills)
  A centaur warrior (D:14)
  A wizard (D:14)
  A centaur zombie (D:14)
  A gargoyle (D:14)
  2 yaks (Lair:2)
  A wraith (D:14)
  2 vampire mosquitoes (D:14)
  A sky beast (D:11)
10 creatures vanquished.

Vanquished Creatures (others)
  A komodo dragon (Lair:3)
  An orc (D:12)
  A kobold (D:1)
  A fire vortex (Lair:1)
  8 fungi
  4 plants
16 creatures vanquished.

Grand Total: 404 creatures vanquished

Notes
Turn   | Place    | Note
-------+----------+-------------------------------------------
     0 | D:1      | Inarius the Demonspawn Chaos Knight began the quest for the
                  | Orb.
     0 | D:1      | Reached XP level 1. HP: 18/18 MP: 1/1
   107 | D:1      | Reached skill level 1 in Dodging
   133 | D:1      | Gained mutation: When hurt, damage is shared between your
                  | health and your magic reserves. [demonic ancestry]
   133 | D:1      | Reached XP level 2. HP: 18/24 MP: 2/2
   477 | D:1      | XOM: harmless Erth miscast
   567 | D:1      | XOM: god gift: 15 sling bullets
   651 | D:1      | Reached XP level 3. HP: 29/29 MP: 3/3
   786 | D:2      | XOM: god gift: scroll labeled LONEKU DEJI {god gift}
   899 | D:2      | XOM: cloud trail
   955 | D:2      | XOM: mild Pois miscast
   997 | D:2      | XOM: enchant monster (bad)
  1038 | D:2      | Gained mutation: You are slightly more attuned to the
                  | shadows. [demonic ancestry]
  1038 | D:2      | Reached XP level 4. HP: 37/37 MP: 4/4
  1912 | D:3      | Noticed a bullfrog
  1926 | D:3      | Killed a bullfrog
  1926 | D:3      | Reached skill level 1 in Short Blades
  1926 | D:3      | Reached skill level 1 in Stealth
  1926 | D:3      | Reached XP level 5. HP: 30/42 MP: 5/5
  1938 | D:3      | XOM: cloud trail
  2318 | D:3      | XOM: mild Tloc miscast
  2406 | D:3      | XOM: god gift: 55 gold pieces
  2500 | D:3      | XOM: 1-stop teleportation journey
  2561 | D:3      | Noticed a hippogriff
  2564 | D:3      | XOM: potion effect (agility)
  2581 | D:3      | HP: 1/43 [hippogriff (10)]
  2597 | D:3      | XOM: summons friendly ufetubus
  2598 | D:3      | XOM: scenery: create altars
  2616 | D:3      | XOM: god gift: scroll labeled AGYLAG GAHENOU {god gift}
  2623 | D:3      | HP: 1/43 [hippogriff (6)]
  2625 | D:3      | XOM: divination: detect creatures
  2712 | D:3      | XOM: god gift: 6 rations
  2906 | D:3      | XOM: potion effect (heal wounds)
  3158 | D:3      | XOM: summons friendly ufetubus
  3418 | D:3      | XOM: medium Tmut miscast
  3495 | D:3      | Gained mutation: Your body sometimes deteriorates upon
                  | taking damage. [mutagenic glow]
  3522 | D:3      | Gained mutation: You are frail. (-10% HP) [mutagenic glow]
  3584 | D:3      | Found a glowing golden altar of the Shining One.
  3650 | D:3      | XOM: harmless Pois miscast
  3704 | D:4      | Found Xituw's Assorted Antiques.
  3723 | D:4      | XOM: enchant monster (good)
  3742 | D:4      | XOM: god gift: fan of gales
  3744 | D:4      | Bought a steaming leather armour for 161 gold pieces
  3754 | D:4      | Identified the +0 leather armour of the Tick {+Fly rF-
                  | rN+++ Regen+} (You bought it in a shop on level 4 of the
                  | Dungeon)
  3764 | D:4      | Bought 2 scrolls labeled YGYTUI XETA for 46 gold pieces
  3857 | D:4      | Found a glowing drain.
  3897 | D:4      | Got a shimmering leather armour
  3912 | Sewer    | Entered a sewer
  3945 | Sewer    | Identified the +2 leather armour "Feosampeg" {rElec Str+2
                  | Dex-2 SInv Stlth+} (You found it on level 4 of the Dungeon)
  3983 | Sewer    | Noticed Purgy
  4002 | Sewer    | Killed Purgy
  4002 | Sewer    | Reached skill level 2 in Short Blades
  4002 | Sewer    | Gained mutation: You have a somewhat thin skeletal
                  | structure. (Dex +2, Stealth) [demonic ancestry]
  4002 | Sewer    | Reached XP level 6. HP: 3/44 MP: 0/6
  4332 | D:4      | Found Gonef's Weapon Shop.
  4337 | D:4      | Found Duyree's Jewellery Emporium.
  4430 | D:4      | XOM: potion effect (curing)
  4632 | D:4      | XOM: divination: magic mapping
  4656 | D:3      | XOM: silly message
  4745 | D:3      | XOM: divination: detect items
  4985 | D:4      | Gained mutation: You have a moderately thin skeletal
                  | structure. (Dex +4, Stealth+) [demonic ancestry]
  4985 | D:4      | Reached XP level 7. HP: 49/49 MP: 7/7
  5171 | D:4      | XOM: god gift: scroll labeled SOX CIOWKIPHI {god gift}
  5201 | D:4      | XOM: noise
  5331 | D:4      | Found Ycew's Weapon Boutique.
  5406 | D:4      | Found Doetarid's Magic Scroll Shop.
  5413 | D:4      | Bought a scroll of identify for 22 gold pieces
  5413 | D:4      | Bought a scroll of identify for 22 gold pieces
  5413 | D:4      | Bought a scroll of identify for 22 gold pieces
  5413 | D:4      | Bought a scroll of identify for 22 gold pieces
  5417 | D:4      | Lost mutation: Your body sometimes deteriorates upon taking
                  | damage. [potion of mutation]
  5417 | D:4      | Lost mutation: You are frail. (-10% HP) [potion of
                  | mutation]
  5417 | D:4      | Gained mutation: You possess an exceptional clarity of
                  | mind. [potion of mutation]
  5417 | D:4      | Gained mutation: You are resistant to hostile enchantments.
                  | (MR+) [potion of mutation]
  5417 | D:4      | Gained mutation: Your muscles are strong. (Str +2) [potion
                  | of mutation]
  5417 | D:4      | Gained mutation: You are resistant to electric shocks.
                  | (rElec) [potion of mutation]
  5546 | D:5      | Entered Level 5 of the Dungeon
  5610 | D:5      | Reached skill level 5 in Fighting
  5610 | D:5      | Reached skill level 3 in Short Blades
  5655 | D:5      | XOM: give mutations
  5655 | D:5      | Gained mutation: Your body sometimes deteriorates upon
                  | taking damage. [Xom's mischief]
  5655 | D:5      | Gained mutation: You are highly resistant to hostile
                  | enchantments. (MR++) [Xom's mischief]
  5655 | D:5      | Gained mutation: You are frail. (-10% HP) [Xom's mischief]
  5655 | D:5      | Gained mutation: You are clumsy. (Dex -2) [Xom's mischief]
  6026 | D:5      | XOM: summons 7 friendly demons
  6269 | D:5      | XOM: cast spell 'Statue Form'
  6303 | D:5      | Reached skill level 4 in Short Blades
  6303 | D:5      | Gained mutation: You are significantly more attuned to the
                  | shadows. [demonic ancestry]
  6303 | D:5      | Reached XP level 8. HP: 55/55 MP: 8/8
  6448 | D:5      | Reached skill level 1 in Throwing
  7176 | D:6      | XOM: summons 3 hostile shadow creatures
  7237 | D:5      | XOM: scenery: create altars
  7298 | D:6      | You fall through a shaft for 2 floors!
  7298 | D:8      | XOM: noise
  7305 | D:7      | XOM: stealth player
  7340 | D:7      | Reached skill level 5 in Short Blades
  7340 | D:7      | Reached skill level 1 in Evocations
  7431 | D:7      | Reached skill level 5 in Stealth
  7477 | D:6      | XOM: harmless Erth miscast
  7745 | D:6      | XOM: harmless Pois miscast
  7914 | D:6      | Found a runed gate.
  7915 | D:6      | Found a runed gate.
  7916 | D:6      | Found a runed gate.
  7997 | D:6      | Noticed Lanoc's ghost (novice GnSu)
  8047 | D:6      | Identified the +4 short sword of Valiance {pierce, rElec
                  | MP-9 Int+3}
  8047 | D:6      | Identified the +2 plate armour "Elac" {rC- rCorr Dex+3}
  8050 | D:6      | XOM: noise
  8112 | D:7      | XOM: noise
  8172 | D:6      | XOM: divination: detect creatures
  8200 | D:6      | XOM: noise
  8282 | D:7      | Reached XP level 9. HP: 54/61 MP: 7/10
  8345 | D:7      | Found a staircase to the Ecumenical Temple.
  8413 | D:7      | XOM: harmless Erth miscast
  8576 | D:7      | Reached skill level 6 in Short Blades
  8592 | D:7      | Found a hide-covered altar of Uskayaw.
  8652 | D:7      | XOM: noise
  8782 | D:7      | XOM: harmless Erth miscast
  8821 | D:7      | XOM: medium Summ miscast
  9175 | D:8      | Found a snail-covered altar of Cheibriados.
  9180 | D:8      | XOM: swap monsters
  9188 | D:8      | Reached skill level 1 in Shields
  9432 | D:3      | XOM: summons 4 hostile demons
  9433 | D:3      | Noticed a red devil
  9433 | D:3      | Noticed a rust devil
  9439 | D:3      | HP: 3/61 [red devil/+2 vampiric demon trident[Xom] (7)]
  9659 | D:6      | XOM: give mutation
  9659 | D:6      | Lost mutation: Your muscles are strong. (Str +2) [Xom's
                  | mischief]
  9738 | D:8      | XOM: mild Necr miscast
  9822 | D:8      | Got an encrusted trident
  9847 | D:8      | Identified the +4 trident of Exchange {freeze, *Noise MR+
                  | Str+5} (You found it on level 8 of the Dungeon)
  9914 | D:8      | Reached skill level 7 in Short Blades
  9936 | D:8      | XOM is BORED!
  9936 | D:8      | XOM: mild Hex miscast
 10357 | D:9      | XOM: smoke on damage
 10464 | D:9      | XOM: mild Erth miscast
 10472 | D:9      | XOM: medium Pois miscast
 10861 | D:10     | Entered Level 10 of the Dungeon
 10911 | D:11     | Noticed Maurice
 10915 | D:11     | XOM: cleaving
 10922 | D:11     | XOM: fog
 10944 | D:11     | XOM: cast spell 'Chain of Chaos'
 10947 | D:11     | XOM: scenery: create altars
 10951 | D:11     | Killed Maurice
 10951 | D:11     | Gained mutation: You regenerate magic rapidly. [demonic
                  | ancestry]
 10951 | D:11     | Reached XP level 10. HP: 40/68 MP: 7/13
 10955 | D:10     | Noticed an unseen horror
 10992 | D:10     | XOM: potion effect (berserk rage)
 10998 | D:10     | Killed an unseen horror
 10998 | D:10     | Reached skill level 8 in Short Blades
 11220 | D:11     | XOM: smoke on damage
 11231 | D:11     | XOM: divination: magic mapping
 11257 | D:11     | XOM: noise
 11368 | D:10     | XOM: divination: magic mapping
 11453 | D:11     | XOM: god gift: puce potion {god gift}
 11503 | D:11     | XOM: give mutations
 11503 | D:11     | Gained mutation: You are weak. (Str -2) [Xom's mischief]
 11503 | D:11     | Gained mutation: You are very clumsy. (Dex -4) [Xom's
                  | mischief]
 11503 | D:11     | Lost mutation: You possess an exceptional clarity of mind.
                  | [Xom's mischief]
 11503 | D:11     | Lost mutation: You are frail. (-10% HP) [Xom's mischief]
 11575 | D:11     | Reached skill level 5 in Evocations
 11671 | D:10     | Noticed a gargoyle
 11673 | D:10     | XOM: cast spell 'Call Canine Familiar'
 11683 | D:10     | XOM: butterfly on damage
 11687 | D:10     | XOM: summons 2 friendly demons
 11690 | D:10     | Killed a gargoyle
 11763 | D:10     | XOM: cleaving
 11804 | D:10     | XOM: medium Conj miscast
 11840 | D:10     | XOM: stat loss: -1 Str (12/13)
 11861 | D:10     | Noticed a gargoyle
 11863 | D:10     | Killed a gargoyle
 11870 | D:10     | Noticed a gargoyle
 11872 | D:10     | Killed a gargoyle
 11872 | D:10     | Reached skill level 9 in Short Blades
 11874 | D:10     | XOM: harmless Hex miscast
 11880 | D:10     | Noticed a gargoyle
 11881 | D:10     | Killed a gargoyle
 11898 | D:10     | Noticed a gargoyle
 11910 | D:10     | Killed a gargoyle
 12002 | D:10     | XOM: mild Erth miscast
 12019 | D:10     | Reached XP level 11. HP: 75/83 MP: 13/15
 12059 | D:10     | Found a staircase to the Orcish Mines.
 12124 | D:10     | XOM: god gift: 34 gold pieces
 12233 | D:10     | XOM: confuse monster(s)
 12436 | D:10     | Reached skill level 5 in Dodging
 12537 | D:10     | Noticed a vault guard
 12547 | D:10     | Killed a vault guard
 12557 | D:10     | Found a portal to a secret trove of treasure.
 12843 | D:11     | XOM: noise
 13002 | D:11     | XOM: potion effect (berserk rage)
 13100 | D:11     | XOM: cast spell 'Olgreb's Toxic Radiance'
 13211 | D:11     | XOM: harmless Pois miscast
 13231 | D:11     | Found a staircase to the Lair.
 13235 | D:11     | XOM: enchant monster (good)
 13238 | D:11     | XOM: harmless Summ miscast
 13243 | D:11     | XOM: harmless Tmut miscast
 13279 | D:11     | XOM: cloud trail
 13529 | D:11     | XOM: noise
 13579 | D:11     | Found a snail-covered altar of Cheibriados.
 13586 | D:11     | Got a glittering granite ring
 13588 | D:11     | Identified the ring of Jyazih {rElec AC+3 Int+6} (You found
                  | it on level 11 of the Dungeon)
 13618 | D:11     | XOM: harmless Ice miscast
 13716 | D:12     | XOM: noise
 13809 | D:12     | XOM: destruction
 13828 | D:11     | XOM: summons 10 friendly demons
 13856 | D:11     | XOM: noise
 13951 | D:11     | XOM: noise
 13965 | D:12     | XOM: mild Hex miscast
 14046 | D:12     | XOM: noise
 14129 | D:11     | Reached skill level 10 in Short Blades
 14138 | D:12     | XOM: noise
 14146 | D:12     | XOM: summons friendly crimson imp
 14327 | D:12     | XOM: 4-stop teleportation journey
 14601 | D:12     | You fall through a shaft for 3 floors!
 14601 | D:15     | Entered Level 15 of the Dungeon
 14697 | D:14     | XOM: butterfly on damage
 14705 | D:14     | XOM: cast spell 'Summon Dragon'
 14757 | D:14     | Noticed a wizard
 14758 | D:14     | Noticed a centaur warrior
 14766 | D:14     | Killed a wizard
 14771 | D:14     | Killed a centaur warrior
 14804 | D:14     | Noticed a death knight
 14806 | D:14     | Noticed a six-headed hydra
 14811 | D:14     | XOM: noise
 14811 | D:14     | Noticed a centaur warrior
 14846 | D:13     | Noticed a centaur warrior
 14946 | D:12     | XOM: medium Tmut miscast
 15200 | D:4      | Bought the +10 dagger "Futeuf" {pierce, rElec rPois rC-}
                  | for 642 gold pieces
 15337 | Lair:1   | Entered Level 1 of the Lair of Beasts
 15405 | Lair:1   | XOM: 2-stop teleportation journey
 15483 | Lair:1   | Noticed Fannar
 15546 | Lair:1   | Killed Fannar
 15546 | Lair:1   | Gained mutation: You have a pair of small horns on your
                  | head. [demonic ancestry]
 15546 | Lair:1   | Reached XP level 12. HP: 92/92 MP: 16/16
 15702 | Lair:1   | XOM: summons 1 hostile shadow creature
 15759 | Lair:1   | XOM: noise
 15890 | Lair:1   | XOM: harmless Pois miscast
 15966 | Lair:1   | XOM: mild Fire miscast
 16197 | Lair:1   | XOM: give mutations
 16197 | Lair:1   | Gained mutation: You are extremely resistant to the effects
                  | of hostile enchantments. (MR+++) [Xom's grace]
 16197 | Lair:1   | Gained mutation: You expend magic power (3 MP) to
                  | strengthen your wands. [Xom's grace]
 16197 | Lair:1   | Gained mutation: You are robust. (+10% HP) [Xom's grace]
 16197 | Lair:1   | Gained mutation: You can translocate small distances at
                  | will. [Xom's grace]
 16439 | Lair:2   | Reached skill level 11 in Short Blades
 16626 | Lair:2   | XOM: scenery: 1 fountains blood, 1 doors open
 17188 | Lair:2   | XOM: scenery: 1 doors open
 17203 | Lair:2   | XOM: summons friendly white imp
 17224 | Lair:2   | XOM: summons 3 friendly demons
 17333 | Lair:2   | Noticed a five-headed hydra
 17338 | Lair:2   | Killed a five-headed hydra
 17392 | Lair:2   | Reached skill level 5 in Armour
 17470 | Lair:2   | XOM: god gift: 8 needles of confusion
 17649 | Lair:2   | XOM: potion effect (berserk rage)
 17656 | Lair:2   | Found a staircase to the Swamp.
 17696 | Lair:2   | XOM: god gift: glowing hand axe {god gift}
 17755 | Lair:2   | XOM: god gift: robe {god gift}
 17968 | Lair:3   | XOM: cast spell 'Chain of Chaos'
 18070 | Lair:3   | XOM: polymorph polar bear -> black mamba
 18300 | Lair:3   | XOM: 1-stop teleportation journey
 18479 | Lair:3   | XOM: cloud trail
 18487 | Lair:3   | Noticed a seven-headed hydra
 18502 | Lair:3   | HP: 3/103 [seven-headed hydra (5)]
 18502 | Lair:3   | Slain by a seven-headed hydra

Vault maps used:
D:1:      dpeg_arrival_rooms_c
D:2:      first_ration
D:3:      nicolae_tso_swordbearing_angel
D:4:      gup_sewer_entry_glass, serial_shops, shop, shop, nicolae_shop_crystal,
          shop, shop, wad_rectangle_vault
D:5:      lemuel_castle_with_subvaults
D:6:      biasface_ghost_orc_armoury, chequers_jeans
D:7:      minmay_temple_entry_gardened_gates, basic_altar, minmay_holes,
          chequers_big_river, st_stairs_7
D:8:      cheibriados_altar_1, hangedman_little_slice_of_home
D:10:     cheibrodos_statue_roulette, david_orc_3, enter_trove_5
D:11:     cheibrodos_frozen_isle, due_lair_maze_entry_diamond, basic_altar,
          uniq_maurice
D:12:     chequers_serial_rivers_small_a
D:14:     david_vaults_5, minmay_misc_feat_more_columns
D:15:     hangedman_depths_entry_civil_slaughter, hangedman_decor_riveting,
          ebering_ghost_xom, serial_shops, shop_fountains
Lair:1:   serial_bayou_shore_b, uniq_fannar
Lair:2:   beast_lair_carwin_large_3, nicolae_swamp_entry_splash_gauntlet,
          grunt_megastairs_1
Lair:3:   lemuel_old_faithful
Sewer:    sewer_big_baddie

Skill      XL: |  1  2  3  4  5  6  7  8  9 10 11 12 |
---------------+-------------------------------------+-----
Dodging        | 1 2 3 4 6 7 |  7.3
Axes           | 3 |  3.4
Fighting       | 4 5 6 8 |  8.9
Armour         | 2 3 4 5 |  5.2
Short Blades   | 1 2 4 5 7 9 10 11 | 11.5
Stealth        | 1 2 3 4 5 6 7 9 |  9.6
Throwing       | 1 |  1.7
Evocations     | 2 4 5 6 |  6.3
Shields        | 1 3 |  3.5

Action                   |  1- 3 |  4- 6 |  7- 9 | 10-12 || total
-------------------------+-------+-------+-------+-------++-------
Melee: Hand axe          |    93 |       |       |       ||    93
       Short sword       |       |   334 |   657 |   740 ||  1731
       Dagger            |       |       |       |   271 ||   271
       Headbutt          |       |       |       |    34 ||    34
Throw: Javelin           |       |     4 |    14 |     4 ||    22
       Tomahawk          |       |       |     1 |       ||     1
       Throwing net      |       |       |     1 |     4 ||     5
Evoke: Fan of gales      |       |     1 |       |       ||     1
       Wand              |       |       |     5 |    29 ||    34
  Use: Scroll            |     2 |     8 |    12 |    12 ||    34
       Potion            |       |     6 |     4 |     5 ||    15
 Stab: Paralysed         |     1 |     3 |     1 |     5 ||    10
       Sleeping          |     1 |    14 |    35 |    38 ||    88
       Invisible         |       |     5 |       |       ||     5
       Distracted        |       |       |     7 |     2 ||     9
       Held in net/web   |       |       |     1 |       ||     1
       Confused          |       |       |     2 |     2 ||     4
  Eat: Chunk             |       |    10 |    16 |    24 ||    50
       Ration            |       |     1 |     1 |     2 ||     4
Armor: Leather armour    |    21 |   101 |   108 |   204 ||   434
       Skin              |       |       |     7 |       ||     7
Dodge: Dodged            |    57 |   239 |   345 |   340 ||   981
Block: Other             |     2 |    30 |    16 |       ||    48
       Buckler           |       |       |   101 |    96 ||   197
       Reflection        |       |       |       |    11 ||    11
       Large shield      |       |       |       |   363 ||   363
       Shield            |       |       |       |    83 ||    83

Table legend:
 A = Non-vault XP
 B = Vault XP
 C = Vault XP percentage of total XP
 D = Non-vault monster count
 E = Vault monster count
 F = Vault count percentage of total count
                 A         B        C        D         E       F
            +---------+---------+-------+---------+---------+-------
      Total |   26051 |    9654 |  27.0 |     276 |     112 |  28.9
            +---------+---------+-------+---------+---------+-------
        D:1 |      43 |       0 |   0.0 |      24 |       0 |   0.0
        D:2 |      89 |       0 |   0.0 |      25 |       0 |   0.0
        D:3 |     476 |       0 |   0.0 |      25 |       0 |   0.0
        D:4 |     348 |      52 |  13.0 |      17 |       7 |  29.2
        D:5 |     318 |     754 |  70.3 |      16 |      51 |  76.1
        D:6 |     354 |       0 |   0.0 |      12 |       0 |   0.0
        D:7 |     817 |     122 |  13.0 |      18 |       1 |   5.3
        D:8 |     784 |     161 |  17.0 |      14 |       8 |  36.4
        D:9 |     639 |       0 |   0.0 |      15 |       0 |   0.0
       D:10 |    3806 |    3027 |  44.3 |      22 |      10 |  31.2
       D:11 |    2665 |    1732 |  39.4 |      27 |      12 |  30.8
       D:12 |    2197 |       0 |   0.0 |       6 |       0 |   0.0
       D:14 |    2665 |       0 |   0.0 |       9 |       0 |   0.0
     Lair:1 |    1651 |    1023 |  38.3 |       4 |       1 |  20.0
     Lair:2 |    5276 |    2639 |  33.3 |      25 |      16 |  39.0
     Lair:3 |    3923 |       0 |   0.0 |      17 |       0 |   0.0
      Sewer |       0 |     144 | 100.0 |       0 |       6 | 100.0
            +---------+---------+-------+---------+---------+-------
